 Dungeon Crawl Stone Soup version 0.25-a0-705-ge9988fc0fb (webtiles) character file.

Game seed: 11560968927973594441, levelgen mode: deterministic

4657 Conn the Magician (level 10, -15/66 HPs)
             Began as an Octopode Wizard on Apr 4, 2020.
             Was a Believer of Sif Muna.
             Killed from afar by Erolcha (26 damage)
             ... with a fireball
             ... on level 9 of the Dungeon.
             The game lasted 00:51:54 (10065 turns).

Conn the Magician (Octopode Wizard)                Turns: 10065, Time: 00:51:56

Health: -15/66     AC:  2    Str: 10    XL:     10   Next: 43%
Magic:  11/20      EV: 14    Int: 20    God:    Sif Muna [**....]
Gold:   411        SH:  5    Dex: 11    Spells: 12/23 levels left

rFire    . . .     SeeInvis +   w - +1 short sword (venom)
rCold    + . .     Gourm    .   i - +0 buckler
rNeg     . . .     Faith    .   a - +1 hat
rPois    .         Spirit   .   j - amulet of the acrobat
rElec    .         Reflect  .   e - ring of protection from magic
rCorr    .         Harm     .   m - ring of see invisible
MR       ++...                  u - ring of protection from magic
Stlth    ++++......             B - ring of protection from cold
HPRegen  0.21/turn              (no ring)
MPRegen  0.17/turn              (no ring)
                                (no ring)
                                (no ring)

@: lethally poisoned (-15 -> -18), very slightly contaminated
A: almost no armour, stealthy swim, amphibious, 8 rings, constrict 8, camouflage
1, gelatinous body 1
a: Channel Magic, Renounce Religion


You were on level 9 of the Dungeon.
You worshipped Sif Muna.
Sif Muna was pleased with you.
You were not hungry.

You visited 2 branches of the dungeon, and saw 10 of its levels.
You also visited: Sewer.

You collected 411 gold pieces.

Inventory:

Hand Weapons
 d - a +0 short sword
 w - a +1 short sword of venom (weapon)
Missiles
 r - 83 sling bullets
Armour
 a - a +1 hat (worn)
 i - a +0 buckler (worn)
Jewellery
 e - a ring of protection from magic (left tentacle)
 j - an amulet of the acrobat (around mantle)
 m - a ring of see invisible (right tentacle)
 u - a ring of protection from magic (on tentacle)
 B - a ring of protection from cold (on tentacle)
Wands
 s - a wand of polymorph (11)
 y - a wand of iceblast (4)
 C - a wand of acid (12)
Scrolls
 b - 11 scrolls of identify
 f - a scroll of amnesia
 h - a scroll of fog {unknown}
 n - 4 scrolls of remove curse
 o - 3 scrolls of teleportation
 q - a scroll of blinking
 v - 2 scrolls of magic mapping {unknown}
 z - a scroll of immolation {unknown}
 A - a scroll of enchant armour
 E - a scroll of enchant weapon {unknown}
Potions
 g - 2 potions of brilliance
 k - 4 potions of curing
 l - 3 potions of magic {unknown}
 p - 4 potions of might {unknown}
 t - a potion of stabbing
 x - a potion of resistance {unknown}
 D - a potion of flight {unknown}
Comestibles
 c - 17 rations
 F - 2 chunks of flesh


   Skills:
 * Level 5.5 Fighting
 + Level 4.1 Short Blades
 + Level 3.9 Dodging
 - Level 5.9 Stealth
 * Level 6.5 Shields
 + Level 7.0 Spellcasting
 + Level 4.0 Conjurations
 + Level 4.6 Summonings
 + Level 1.7 Translocations
 + Level 0.6 Fire Magic
 + Level 1.8 Air Magic
 + Level 2.8 Poison Magic
 + Level 0.3 Evocations


You had 12 spell levels left.
You knew the following spells:

 Your Spells              Type           Power        Failure   Level  Hunger
a - Magic Dart            Conj           ###.         1%          1    None
b - Blink                 Tloc           N/A          7%          2    None
c - Call Imp              Summ           ####....     2%          2    None
d - Mephitic Cloud        Conj/Pois/Air  ###.....     9%          3    #......
e - Conjure Flame         Conj/Fire      ###.....     11%         3    #......

Your spell library contained the following spells:

 Spells                   Type           Power        Failure   Level  Hunger
 Summon Small Mammal      Summ           ####         1%          1    None
 Apportation              Tloc           ##....       4%          1    None
 Animate Skeleton         Necr           N/A          10%         1    None
 Corona                   Hex            #......      10%         1    None
 Slow                     Hex            #.......     14%         2    None


Dungeon Overview and Level Annotations

Branches:
Dungeon (9/15)             Temple (1/1) D:5           Sewer (visited)
   Lair: D:8-11         Orc: D:9-12

Altars:
Ashenzari
Cheibriados
Elyvilon
Fedhas
Gozag
Hepliaklqana
Kikubaaqudgha
Makhleb
Nemelex Xobeh
Okawaru
Qazlal
Ru
Sif Muna
Trog
Uskayaw
Vehumet
Wu Jian
Xom
Yredelemnul
Zin
The Shining One

Shops:
D:4 ==%   D:6 :((   D:7 (

Annotations:
D:9 Erolcha


Innate Abilities, Weirdness & Mutations

You cannot wear most types of armour.
You are very stealthy in the water. (Stealth+)
You are amphibious.
You can wear up to eight rings at the same time.
You can use your tentacles to constrict eight enemies at once.
Your skin changes colour to match your surroundings (Stealth+).
Your rubbery body absorbs attacks. (AC +1, EV +1)


Message History

Casting: Magic Dart (safe; 1% risk of failure)
Confirm with . or Enter, or press ? or * to list all spells.
You miscast Blink.
You are very lightly contaminated with residual magic.
The air around you crackles with energy!
You block the bullfrog's attack. x2
Unknown command.
Casting: Blink (safe; 7% risk of failure)
Confirm with . or Enter, or press ? or * to list all spells.
You blink.
You feel sick.
Erolcha seems less confused.
Unknown command.
Casting: Blink (safe; 7% risk of failure)
Confirm with . or Enter, or press ? or * to list all spells.
Aiming: Mephitic Cloud (safe; 9% risk of failure)
Press: ? - help, Shift-Dir - straight line, f - Erolcha
Aim: Erolcha, wielding a +0 giant spiked club, wearing a +0 robe and carrying a wand of flame (12) (heavily wounded, very poisoned)
You miscast Mephitic Cloud.
Nothing appears to happen.
Erolcha gestures at you while chanting.
The fireball explodes!
The fireball engulfs you!!
You die...

........#.......#....
........#.......#....
.######.#.......###..
#.#.........#.. #
#.+.........#.. ##.
#.#.........#..
#..######.####......#..
####............#......#..
#.......)@#####.'......#..
##.........#...#.#......#..
...........%...#.#......#..
.......OF..#...#.#......#..
.......§..†##'##.##'#####..
..........)...............)
..######........######.....
##......## ##.... ##....##
##...


You could see Erolcha and a bullfrog.

Vanquished Creatures
  Maurice (D:8)
  2 hippogriffs
  Prince Ribbit (D:5)
  A water moccasin (D:5)
  An orc warrior (D:9)
  2 black bears
  Duvessa (D:5)
  An ice beast (D:5)
  A sky beast (D:6)
  4 ogres
  5 centaurs
  6 bullfrogs
  Dowan (D:5)
  A water moccasin skeleton (D:8)
  2 scorpions
  6 killer bees
  13 wights
  3 howler monkeys (D:9)
  A crimson imp (D:8)
  4 orc wizards
  An orc priest (D:6)
  A jelly (D:7)
  5 worker ants
  Natasha (twice) (D:2)
  A worker ant zombie (D:2)
  9 adders
  6 gnolls
  3 river rats (Sewer)
  2 shadow imps
  2 oozes
  An adder zombie (D:6)
  A dart slug (D:1)
  3 leopard geckos
  17 orcs
  5 ball pythons
  5 giant cockroaches
  8 goblins
  4 hobgoblins
  11 jackals
  2 kobolds (D:1)
  5 quokkas
  13 bats
  10 frilled lizards
  A jackal zombie (D:5)
  A leopard gecko skeleton (D:7)
  A leopard gecko zombie (D:6)
  20 rats
197 creatures vanquished.

Vanquished Creatures (collateral kills)
  An ice beast (D:6)
  2 phantoms
  An ogre (D:6)
  A wight (D:6)
  2 hounds
  An orc priest (D:4)
  Ijyb (D:4)
  A worker ant (D:5)
  Natasha (D:2)
  2 adders (D:2)
  4 gnolls (D:2)
  A river rat (Sewer)
  2 worms
  6 orcs
  2 hobgoblins
  2 quokkas
  A ball python (D:3)
  3 frilled lizards
  2 rats
36 creatures vanquished.

Vanquished Creatures (others)
  8 fungi (D:9)
  2 plants (D:8)
10 creatures vanquished.

Grand Total: 243 creatures vanquished

Notes
Turn   | Place    | Note
-------+----------+-------------------------------------------
     0 | D:1      | Conn the Octopode Wizard began the quest for the Orb.
     0 | D:1      | Reached XP level 1. HP: 11/11 MP: 4/4
   330 | D:1      | Reached XP level 2. HP: 13/17 MP: 1/6
   644 | D:1      | Reached XP level 3. HP: 17/21 MP: 1/8
  1008 | D:2      | Noticed Natasha
  1028 | D:1      | Learned a level 2 spell: Blink
  1031 | D:1      | Learned a level 2 spell: Call Imp
  1035 | D:1      | Learned a level 3 spell: Mephitic Cloud
  1053 | D:2      | Killed Natasha
  1053 | D:2      | Reached skill level 1 in Shields
  1154 | D:2      | Noticed Natasha
  1164 | D:2      | Killed Natasha
  1164 | D:2      | Reached XP level 4. HP: 9/27 MP: 4/9
  1462 | D:2      | Found a shattered altar of Ashenzari.
  1761 | D:2      | Reached skill level 4 in Spellcasting
  1761 | D:2      | Reached XP level 5. HP: 28/32 MP: 2/11
  1902 | D:2      | Noticed Natasha
  1914 | D:2      | Killed Natasha
  1914 | D:2      | Reached skill level 1 in Fighting
  2559 | D:3      | Noticed a centaur
  2703 | D:3      | Noticed an ogre
  2736 | D:3      | Killed an ogre
  2736 | D:3      | Reached skill level 1 in Short Blades
  2736 | D:3      | Reached XP level 6. HP: 38/38 MP: 0/12
  2895 | D:3      | Found a glowing drain.
  2904 | Sewer    | Entered a sewer
  3907 | D:4      | Reached XP level 7. HP: 45/45 MP: 7/14
  3950 | D:4      | Found Onueckent's Food Emporium.
  4017 | D:4      | Noticed Ijyb
  4261 | D:4      | Found Vexapem's Jewellery Shop.
  4387 | D:3      | Learned a level 3 spell: Conjure Flame
  4412 | D:4      | Killed Ijyb
  4523 | D:4      | Found Lunem's Jewellery Boutique.
  4649 | D:4      | Reached skill level 1 in Air Magic
  4649 | D:4      | Reached skill level 1 in Poison Magic
  4962 | D:5      | Entered Level 5 of the Dungeon
  4973 | D:5      | Reached skill level 5 in Spellcasting
  5002 | D:5      | Found a hazy altar of Hepliaklqana.
  5183 | D:5      | Noticed Prince Ribbit
  5338 | D:5      | Found a sparkling altar of Nemelex Xobeh.
  5529 | D:5      | Reached XP level 8. HP: 43/51 MP: 11/15
  5538 | D:5      | Killed Prince Ribbit
  5782 | D:5      | Found a staircase to the Ecumenical Temple.
  5792 | Temple   | Entered the Ecumenical Temple
  5847 | Temple   | Became a worshipper of Sif Muna the Loreminder
  5919 | D:5      | Noticed Dowan
  5920 | D:5      | Noticed Duvessa
  5929 | D:5      | Killed Duvessa
  6041 | D:5      | Found a stormy altar of Qazlal.
  6049 | D:5      | Killed Dowan
  6291 | D:6      | Reached skill level 5 in Stealth
  6309 | D:6      | Reached skill level 6 in Spellcasting
  6371 | D:6      | Found Violud's Weapon Shoppe.
  6379 | D:6      | Reached XP level 9. HP: 22/58 MP: 2/18
  6638 | D:6      | Found a bloodstained altar of Trog.
  6706 | D:6      | Found Ynoept's Antique Weapon Shoppe.
  6900 | D:5      | Reached * piety under Sif Muna
  7058 | D:6      | Found Lethoin's Book Shop.
  7411 | D:6      | Reached skill level 5 in Shields
  7840 | D:6      | Found a shimmering altar of Xom.
  7840 | D:6      | Found an ancient bone altar of Kikubaaqudgha.
  8324 | D:7      | Found a sacrificial altar of Ru.
  8595 | D:7      | Reached skill level 5 in Fighting
  9001 | D:7      | Found Wuufym's Antique Weapon Shop.
  9085 | D:7      | Reached XP level 10. HP: 66/66 MP: 15/19
  9329 | D:8      | Reached ** piety under Sif Muna
  9352 | D:8      | Noticed Maurice
  9368 | D:8      | Killed Maurice
  9440 | D:8      | Noticed a two-headed ogre
 10048 | D:9      | Noticed Erolcha
 10053 | D:9      | Reached skill level 7 in Spellcasting
 10065 | D:9      | Killed from afar by Erolcha

Levels and vault maps discovered:
D:1:      dpeg_arrival_radiant, layout_basic, dk_noncrumbling_4
D:2:      layout_basic, nicolae_ashenzari_panopticon, first_ration, uniq_natasha
D:3:      layout_rooms, portal_sewer_entry_a
D:4:      layout_loops_ring, serial_shops, shop, nicolae_shop_crystal, shop,
          uniq_ijyb
D:5:      layout_rooms, nemelex_altar_shiori, overflow_temple_1_default,
          minmay_temple_entry_crystal_x, nicolae_qazlal_eye_of_the_storm,
          uniq_duvessa, uniq_prince_ribbit1
D:6:      layout_rooms, nicolae_overflow_crystal_walls,
          gammafunk_temple_overflow_statue, serial_shops, shop,
          nicolae_shop_trees, nicolae_shop_crystal, kennysheep_big_empty_room,
          minmay_bent
D:7:      layout_loops_ring, hangedman_ru_absence, serial_shops, shop,
          roderic_roman_lattice, solitary_fountain
D:8:      layout_basic, lemuel_doored_altar, hangedman_ranch
          [blue_anna_fruit_fields], uniq_psyche, uniq_maurice, uniq_grum
D:9:      minmay_four_partial_circles, layout_irregular_city,
          grunt_lair_entry_orc_guard_hut, uniq_erolcha
Temple:   zaba_magenta_temple

Skill      XL: |  1  2  3  4  5  6  7  8  9 10 |
---------------+-------------------------------+-----
Stealth        | 3 4 5 |  5.9
Shields        | 1 2 3 4 5 6 |  6.5
Spellcasting   | 4 5 6 7 |  7.0
Fighting       | 1 2 3 5 |  5.5
Short Blades   | 1 2 3 4 |  4.1
Conjurations   | 2 3 4 |  4.0
Summonings     | 2 3 4 |  4.6
Air Magic      | 1 |  1.8
Poison Magic   | 1 2 |  2.8
Dodging        | 3 |  3.9
Translocations | |  1.7
Fire Magic     | |  0.6
Evocations     | |  0.3

Action                   |  1- 3 |  4- 6 |  7- 9 | 10-12 || total
-------------------------+-------+-------+-------+-------++-------
Melee: Short sword       |    41 |   105 |   207 |   105 ||   458
       Unarmed           |     5 |       |       |       ||     5
       Constrict         |     9 |    27 |    43 |    20 ||    99
       Tentacles         |     7 |    17 |    43 |    16 ||    83
 Cast: Magic Dart        |    43 |    69 |    85 |    27 ||   224
       Call Imp          |     2 |    16 |    36 |    15 ||    69
       Mephitic Cloud    |       |     5 |    22 |     8 ||    35
       Blink             |       |       |     7 |     8 ||    15
       Conjure Flame     |       |       |     7 |     1 ||     8
Evoke: Wand              |       |       |     2 |     1 ||     3
  Use: Scroll            |       |     6 |     2 |     1 ||     9
       Potion            |       |       |       |     1 ||     1
 Stab: Sleeping          |     1 |    10 |    12 |     1 ||    24
       Confused          |       |     1 |     6 |     4 ||    11
       Distracted        |       |     1 |     1 |     1 ||     3
  Eat: Chunk             |     1 |     9 |    14 |     3 ||    27
       Ration            |       |       |     1 |       ||     1
Armor: Skin              |    15 |     9 |     8 |     7 ||    39
Dodge: Dodged            |    52 |    77 |   138 |    74 ||   341
Block: Buckler           |       |    15 |    41 |    21 ||    77

Table legend:
 A = Non-vault XP
 B = Vault XP
 C = Vault XP percentage of total XP
 D = Non-vault monster count
 E = Vault monster count
 F = Vault count percentage of total count
                 A         B        C        D         E       F
            +---------+---------+-------+---------+---------+-------
      Total |    5201 |    1452 |  21.8 |     192 |      41 |  17.6
            +---------+---------+-------+---------+---------+-------
        D:1 |      44 |       0 |   0.0 |      24 |       0 |   0.0
        D:2 |     155 |      18 |  10.4 |      30 |       1 |   3.2
        D:3 |     297 |      20 |   6.3 |      22 |       7 |  24.1
        D:4 |     197 |      36 |  15.5 |      15 |       1 |   6.2
        D:5 |     633 |     469 |  42.6 |      19 |       3 |  13.6
        D:6 |    1078 |     328 |  23.3 |      33 |       4 |  10.8
        D:7 |    1478 |       0 |   0.0 |      28 |       0 |   0.0
        D:8 |     346 |     434 |  55.6 |       6 |       1 |  14.3
        D:9 |     973 |      69 |   6.6 |      15 |       2 |  11.8
      Sewer |       0 |      78 | 100.0 |       0 |      22 | 100.0
            +---------+---------+-------+---------+---------+-------
